[Event "Reykjavik Open 2022"]
[Site "Reykjavik"]
[Date "2022.04.10"]
[Round "7.7"]
[White "Korley, Kassa"]
[Black "Gretarsson, Hjorvar Steinn"]
[Result "1/2-1/2"]
[ECO "D11"]
[WhiteElo "2399"]
[BlackElo "2548"]
[Annotator "TA"]
[PlyCount "28"]
[EventDate "2022.04.06"]
[EventCountry "ISL"]
[SourceTitle "playchess.com"]
[Source "ChessBase"]
[SourceQuality "1"]
[TimeControl "40/5400+30:1800+30"]

1. d4 Nf6 2. c4 c6 3. Nf3 d5 4. g3 Bf5 5. Nc3 e6 6. Nh4 {[%emt 0:00:31] D11: Slav Defence: 3 Nf3 sidelines and 3...Nf6 4 e3 Bg4.} Be4 {[%emt 0:00:33] 6...dxc4 injects fresh life into this line.} 7. f3 Bg6 8. Qb3 Qd7 9. Nxg6 hxg6 10. Be3 {[%emt 0:00:10] [#]} Bd6 $146 {[%emt 0:26:47] [#] aiming for ...dxc4.} ({Predecessor:} 10... Be7 11. Bg2 Qc7 12. O-O Nbd7 13. cxd5 exd5 14. Bf2 O-O 15. Rac1 Rac8 16. Bh3 Qb6 {½-½ (34) Lysyj,I (2605)-Volkov,S (2557) Barnaul 2021}) 11. Bf2 $1 O-O 12. Bh3 dxc4 13. Qxc4 Qe7 14. O-O ({White should try} 14. e4 $16) 14... Nbd7 {[%emt 0:07:39] Weighted Error Value: White=0.06 (flawless) /Black=0.06 (flawless)} 1/2-1/2

[Event "Reykjavik Open 2022"]
[Site "Reykjavik"]
[Date "2022.04.10"]
[Round "7.8"]
[White "Steingrimsson, Hedinn"]
[Black "Tania, Sachdev"]
[Result "0-1"]
[ECO "E48"]
[WhiteElo "2535"]
[BlackElo "2392"]
[Annotator "TA"]
[PlyCount "188"]
[EventDate "2022.04.06"]
[EventCountry "ISL"]
[SourceTitle "playchess.com"]
[Source "ChessBase"]
[SourceQuality "1"]
[TimeControl "40/5400+30:1800+30"]

1. d4 Nf6 2. c4 e6 3. Nc3 Bb4 4. e3 O-O 5. Bd3 d5 6. cxd5 exd5 7. a3 Bd6 8. Qc2 c6 9. Nge2 a5 ({Black should play} 9... Re8 $15) 10. Bd2 (10. f3 $5 ) 10... Na6 11. O-O $1 Nc7 12. Na4 (12. f3 $5 ) 12... Ne6 13. b4 axb4 14. Bxb4 Re8 15. Bxd6 $1 Qxd6 16. Rfc1 Ng4 17. Ng3 $1 g6 18. Qb3 Ng7 19. Nb6 Ra7 20. Qb4 (20. h3 $5 Nf6 21. a4 $14) 20... Qf6 21. Nh1 Qg5 22. Qc5 Ne6 23. Qd6 Qd8 24. Qb4 h5 25. h3 Nf6 26. a4 Nd7 27. a5 ({Better is} 27. Nxc8 $11 Qxc8 28. Ng3) 27... Nxb6 $15 28. axb6 Rxa1 29. Rxa1 Nf8 (29... h4 $15) 30. Ng3 $11 Nd7 31. Rb1 Qe7 32. Qc3 Nf6 33. Ne2 Be6 34. Qa5 Qd7 35. Ra1 Bf5 (35... Bxh3 {seems wilder.} 36. gxh3 Qxh3 37. Nf4 Qg4+) 36. Nf4 g5 37. Bxf5 Qxf5 38. Ne2 Ne4 39. Qe1 h4 40. Ra7 Re7 41. Ra8+ Kg7 42. Rb8 Qd7 43. Qb4 Re8 44. Rxe8 Qxe8 45. Nc3 Nxc3 46. Qxc3 {[%emt 0:00:03][%mdl 4096] Endgame KQ-KQ} Qe4 47. Qb4 {[%emt 0:00:58] Prevents Qb1+.} Qe6 48. Qa3 Qc8 $2 (48... f6 $11 {and Black has nothing to worry.}) 49. Qe7 $18 Kg6 50. Kh2 ({Only move:} 50. f4 $1 $16) 50... Qa8 $2 (50... f6 $14) 51. f4 f6 52. Qd7 {[%emt 0:00:26] Threatening mate with f5+.} Qb8 53. Kh1 gxf4 54. Qg4+ $1 Kf7 55. exf4 Qd8 56. Qh5+ Kg7 57. f5 Qh8 $2 (57... Qxb6 58. Qg6+ Kf8) 58. Qg4+ Kf7 (58... Kf8 $142 59. Qf4 Qh5) 59. Qf4 {[%emt 0:00:11] White threatens Qc7+ and mate.} Qd8 60. Qxh4 {[%emt 0:00:27] Qh7+ is the strong threat.} Qxb6 61. Qh7+ Ke8 62. Qg6+ Ke7 63. Qg7+ Ke8 64. Qg8+ Kd7 65. Qf7+ Kc8 66. Qxf6 {[%emt 0:00:01] Strongly threatening Qe6+.} Qb1+ 67. Kh2 Qf1 68. Qe6+ Kb8 69. Qe5+ (69. Qd6+ $142 Ka7 70. f6) 69... Ka7 70. h4 {[%emt 0:00:40] Threatens to win with f6.} Qf2 71. Kh3 c5 72. dxc5 d4 73. c6 bxc6 74. Qc7+ Ka6 75. Qxc6+ Ka5 76. Qc5+ Ka4 77. h5 Qe3+ 78. g3 Qe4 79. Qc4+ Ka5 80. Qe6 Qh1+ 81. Kg4 Qd1+ 82. Kg5 d3 83. h6 Qc1+ {[%emt 0:00:26] [#]} 84. Kg6 $1 d2 85. Qd5+ Kb4 86. Qe4+ $2 ({White should try} 86. Qd4+ $18 Kb3 87. Qe3+ Kc2 88. h7) 86... Qc4 $1 $11 87. Qb1+ Qb3 88. Qe4+ Qc4 89. Qf3 $2 (89. Qe7+ $11 Kc3 90. Qf6+ Kc2 91. h7 Qg4+ 92. Kh6 (92. Qg5 Qh3 $11)) 89... Qg8+ $19 90. Kh5 {[%emt 0:00:02] [#]} Qb3 $2 (90... Qe8+ $1 $19 91. Kg4 Qa4 92. Qe4+ Ka3 93. Qxa4+ Kxa4) 91. Qf4+ Kc3 $1 92. h7 $2 (92. Qe3+ $11 Kc2 93. Qf2 (93. Qxb3+ Kxb3 94. h7 d1=Q+ $19)) 92... Qf7+ 93. Kh6 Qf6+ 94. Kh5 d1=Q+ 0-1

[Event "Reykjavik Open 2022"]
[Site "Reykjavik"]
[Date "2022.04.10"]
[Round "7.9"]
[White "Song, Julien"]
[Black "Yoo, Christopher Woojin"]
[Result "1/2-1/2"]
[ECO "E05"]
[WhiteElo "2352"]
[BlackElo "2514"]
[Annotator "TA"]
[PlyCount "68"]
[EventDate "2022.04.06"]
[EventCountry "ISL"]
[SourceTitle "playchess.com"]
[Source "ChessBase"]
[SourceQuality "1"]
[TimeControl "40/5400+30:1800+30"]

1. d4 Nf6 2. c4 e6 3. Nf3 d5 4. g3 Be7 5. Bg2 O-O 6. O-O dxc4 7. Qc2 b5 8. a4 {[%emt 0:01:10] E05: Open Catalan: 5 Nf3 Be7.} b4 9. Nfd2 Nd5 $1 {[%emt 0:00:22][%mdl 4] outshines the older 9...c6.} 10. Nxc4 {[%emt 0:00:55] White has an edge.} c5 11. dxc5 Ba6 12. Ne3 Nd7 $1 13. Nxd5 exd5 14. c6 Rc8 15. Bf4 {[%emt 0:01:15] Prevents Ne5.} Nc5 16. Rd1 d4 17. Nd2 {[%emt 0:03:20] [#] Threatens to win with c7.} Bxe2 {[%emt 0:03:02] [#]} 18. Re1 $146 {[%emt 0:01:20] And now c7 would win.} ({Predecessor:} 18. Nb3 d3 19. Qc4 Nxb3 20. Qxb3 Bc5 21. Rd2 Re8 22. Bd5 Qf6 23. Qc4 Rxc6 24. Bxc6 Qxc6 25. Rc1 Bf1 {0-1 (25) Studer,N (2581)-Nihal,S (2620) Biel 2021}) 18... d3 $1 19. Qc4 {[%emt 0:02:47] Black must now prevent Be3.} Ne6 20. Be3 {[%emt 0:01:47] Inhibits Bc5.} a5 21. Rxe2 dxe2 22. Qxe2 Bc5 23. Nc4 Bxe3 24. Nxe3 Qc7 25. Rd1 Qa7 26. h4 Rfd8 {[%emt 0:06:09] The position is equal.} 27. Rxd8+ Rxd8 28. Qb5 Rb8 29. Qe5 Qc7 30. Qf5 {[%emt 0:01:33] Nd5 is the strong threat.} g6 31. Qf6 Qd8 32. Qe5 {[%emt 0:00:15] Hoping for Nd5.} Qc7 33. Qf6 Qd8 34. Qe5 {[%emt 0:01:09] [#] Strongly threatening Nd5.} Qc7 {[%emt 0:01:07] Weighted Error Value: White=0.02 (flawless) /Black=0.02 (flawless)} 1/2-1/2

[Event "Reykjavik Open 2022"]
[Site "Reykjavik"]
[Date "2022.04.10"]
[Round "7.10"]
[White "Maze, Sebastien"]
[Black "Cummings, David H."]
[Result "1/2-1/2"]
[ECO "B10"]
[WhiteElo "2527"]
[BlackElo "2327"]
[Annotator "TA"]
[PlyCount "131"]
[EventDate "2022.04.06"]
[EventCountry "ISL"]
[SourceTitle "playchess.com"]
[Source "ChessBase"]
[SourceQuality "1"]
[TimeControl "40/5400+30:1800+30"]

1. e4 c6 2. Nf3 d5 3. d3 dxe4 4. dxe4 Qxd1+ 5. Kxd1 Nf6 6. Nbd2 {[%emt 0:00:52] B10: Caro-Kann: 2 d3 and 2 c4.} Nbd7 7. Ne1 h5 {[%emt 0:03:42] [#]} 8. f3 $146 {[%emt 0:06:27] White has an edge.} ({Predecessor:} 8. Nd3 g6 9. f3 Bh6 10. a4 a5 11. Nc4 Bxc1 12. Kxc1 h4 13. Be2 Kd8 14. Re1 {1-0 (61) Moussard,J (2631)-Bogner,S (2574) Sharjah 2021}) 8... g5 9. Nd3 Bh6 10. b3 b6 11. Bb2 Bb7 12. e5 Nd5 13. e6 $1 N7f6 14. exf7+ Kxf7 15. Ne5+ Kg7 16. c4 (16. g3 $14 {stays ahead.}) 16... Ne3+ $17 17. Ke2 g4 18. g3 c5 19. Rg1 {[%emt 0:00:10] [#]} Rhd8 (19... Nc2 $1 $17 {Hoping for ...Be3.} 20. f4 Nxa1 21. Bxa1 Rhd8) 20. f4 $11 Nc2 $132 {[%emt 0:01:04][%mdl 2048] Black has counterplay} 21. Rc1 {[%emt 0:09:05] The board is on fire.} Nd4+ 22. Kf2 Nc6 23. Nb1 Nxe5 24. Bxe5 Kf7 25. Bg2 Bxg2 26. Kxg2 Rd3 27. Rcd1 Rad8 28. Rxd3 Rxd3 29. Re1 Nd7 30. Bb2 Nb8 31. Kf2 Nc6 32. Ke2 $1 Rd6 33. Rh1 (33. Bc3 $11 {keeps the balance.}) 33... Bg7 (33... Re6+ $17 34. Kd2 Rd6+ 35. Ke2 Re6+ 36. Kd2 Rd6+ 37. Ke2) 34. Bxg7 Kxg7 {[%emt 0:00:05][%mdl 4096] Endgame KRN-KRN} 35. h3 (35. Nc3 $11 {remains equal.}) 35... Nd4+ 36. Kf2 gxh3 37. Rxh3 Kg6 38. Rh1 Nf5 39. Rg1 Rd3 40. g4 hxg4 41. Rxg4+ Kf6 42. Rg8 {[%emt 0:01:12] [#]} Rd1 ({Better is} 42... Nd4 $1 $17 {With the idea ...Rf3+.} 43. Rg3 Rd1) 43. Nc3 {[%emt 0:00:27] The position is equal.} Rd2+ 44. Ke1 Rc2 45. Nd5+ Kf7 46. Ra8 Rxa2 {[%emt 0:00:39] And now ...Nd4 would win.} 47. Nxb6 $1 Nd4 {[%emt 0:01:11] Strongly threatening ...Re2+.} 48. Nc8 Nxb3 49. Rxa7 Rxa7 50. Nxa7 {[%emt 0:00:03] KN-KN} Na5 51. Nb5 Nxc4 52. Nc7 Nb6 53. Ke2 Kf6 54. Ke3 Kf5 55. Kf3 e6 56. Nb5 Nc4 57. Nc3 Nd6 58. Nd1 Nc4 59. Nc3 Nb6 60. Ne4 c4 61. Nd6+ Kf6 62. Ne4+ Kg6 63. Ke3 Na4 64. Ng3 c3 65. Kd3 Kf6 66. Ke4 $2 {[%emt 0:01:14][%mdl 40960] Weighted Error Value: White=0.11 (very precise) /Black=0.11 (very precise) . An unexpected result.} (66. Ne2 $11) 1/2-1/2

[Event "Reykjavik Open 2022"]
[Site "Reykjavik"]
[Date "2022.04.10"]
[Round "7.11"]
[White "Sadhwani, Raunak"]
[Black "De Wachter, Matthias"]
[Result "1-0"]
[ECO "C54"]
[WhiteElo "2616"]
[BlackElo "2322"]
[Annotator "TA"]
[PlyCount "43"]
[EventDate "2022.04.06"]
[EventCountry "ISL"]
[SourceTitle "playchess.com"]
[Source "ChessBase"]
[SourceQuality "1"]
[TimeControl "40/5400+30:1800+30"]

1. e4 e5 2. Nf3 Nc6 3. Bc4 Bc5 4. c3 Nf6 5. d3 O-O 6. Bg5 h6 {[%emt 0:05:49] C54: Giuoco Piano: 4 c3 Nf6, main lines with 5 d4 and 5 d3.} 7. Bh4 Be7 8. a4 d6 {[%emt 0:03:11] The position is equal.} 9. Bg3 {[%emt 0:00:31] [#]} Kh8 $146 ({Predecessor:} 9... g6 10. h3 Nh5 11. Bh2 Bf6 12. Nbd2 Bg7 13. Nf1 Qe8 14. Ne3 Be6 15. Bxe6 Qxe6 {½-½ (34) Demchenko,A (2670)-Gledura,B (2626) Barcelona 2018}) 10. a5 a6 11. Nbd2 Nh7 12. Qb3 f5 13. exf5 Rxf5 14. Nf1 e4 (14... Rf8 $14) 15. dxe4 $16 Rxa5 16. Rd1 $40 {[%emt 0:01:14][%mdl 128] White is up to no good.} Bf6 (16... Nf6 $14) 17. Ne3 Qe8 18. O-O Rc5 (18... Qxe4 $2 19. Rfe1 Qe7 20. Nd5 Rxd5 21. Bxd5) 19. Qa2 {[%emt 0:02:36] &Bianco is more active.} Qxe4 20. Rfe1 {[%emt 0:02:40][%cal Oe3d5] [#] And now Nd5! would win.} Bd7 (20... Rxc4 $16 {was necessary.} 21. Nd5 (21. Qxc4 Qxc4 22. Nxc4 Bg4 $16) (21. Nxc4 Qg6 $16) 21... Be6) 21. b4 $18 {[%emt 0:02:03][%mdl 1024] White has strong compensation.} Rh5 (21... Rxc4 $142 22. Nxc4 Qf5) 22. Bd5 $2 {[%emt 0:02:56] Weighted Error Value: White=0.03 (flawless) /Black=0.26 (precise)} (22. Nd5 $18 {is more deadly.} Rxd5 23. Bxd5 (23. Rxe4 Rxd1+ 24. Bf1 Bf5 $14)) 1-0

[Event "Reykjavik Open 2022"]
[Site "Reykjavik"]
[Date "2022.04.10"]
[Round "7.12"]
[White "Niemann, Hans Moke"]
[Black "Hedman, Erik"]
[Result "1-0"]
[ECO "C41"]
[WhiteElo "2642"]
[BlackElo "2368"]
[Annotator "TA"]
[PlyCount "71"]
[EventDate "2022.04.06"]
[EventCountry "ISL"]
[SourceTitle "playchess.com"]
[Source "ChessBase"]
[SourceQuality "1"]
[TimeControl "40/5400+30:1800+30"]

1. e4 d6 2. d4 Nf6 3. Nc3 e5 4. Nf3 Nbd7 5. Bc4 Be7 6. O-O O-O 7. Re1 c6 8. a4 h6 {[%emt 0:00:17] now supersedes 8...b6.} 9. h3 Re8 10. a5 {[%emt 0:01:40] C41: Philidor Defence.} Qc7 11. Be3 exd4 12. Nxd4 {[%emt 0:01:53] White is slightly better.} Bf8 13. Bf4 Rb8 {[%emt 0:02:13] [#]} 14. Re3 $146 ({Predecessor:} 14. Bg3 b5 15. axb6 axb6 16. b4 Bb7 17. Bb3 b5 18. Re3 Ra8 19. Rb1 Ne5 20. Bh4 {1-0 (33) Eastlake,P (2256)-Burmeister,F (2256) ICCF email 2019}) 14... b5 15. axb6 $1 axb6 16. b4 b5 17. Bb3 Ne5 18. Bg3 Bd7 19. Qe2 Qb6 20. Rd1 c5 21. bxc5 dxc5 22. Bxe5 Rxe5 23. Nf3 Ree8 {[%emt 0:02:25] ...c4 is the strong threat.} 24. e5 c4 25. exf6 Rxe3 26. fxe3 Be6 (26... Qxf6 $14 27. Ne4 (27. Rxd7 Qxc3 28. Qd2 Qa1+ 29. Qe1 Qxe1+ 30. Nxe1 cxb3 $11) 27... Qe7) 27. Ba2 $16 {[%emt 0:00:15] Hoping for Nd4.} Qa5 28. Qe1 b4 {[%emt 0:00:52] [#]} 29. Qg3 Re8 $2 {[%emt 0:10:08][%mdl 8192] Loses the game.} (29... Rc8 $16 {is more resistant.}) 30. fxg7 $18 Bc5 (30... Bxg7 31. Ne4 Ra8) 31. Ne4 Bxe3+ 32. Kh1 Qf5 {[%emt 0:00:11] Inhibits Nf6+.} 33. Qe5 $2 (33. Qh4 {aiming for Nf6+.} Ra8 {[#]} 34. Re1 $1 Kxg7 35. Rxe3) 33... Qxe5 34. Nxe5 {[%emt 0:00:04] Black must now prevent Nf6+. Chess con chili. Pair of Knights!} Kxg7 35. Nd6 {[%emt 0:00:05] Inhibits Bf5.} Rd8 {[%emt 0:00:49] [#]} 36. Nf5+ $1 {[%emt 0:00:07][%mdl 512] Weighted Error Value: White=0.39/Black=0.31} 1-0

[Event "Reykjavik Open 2022"]
[Site "Reykjavik"]
[Date "2022.04.10"]
[Round "7.13"]
[White "Berdnyk, Mariia"]
[Black "Adhiban, B.."]
[Result "1/2-1/2"]
[ECO "A62"]
[WhiteElo "2287"]
[BlackElo "2648"]
[Annotator "TA"]
[PlyCount "126"]
[EventDate "2022.04.06"]
[EventCountry "ISL"]
[SourceTitle "playchess.com"]
[Source "ChessBase"]
[SourceQuality "1"]
[TimeControl "40/5400+30:1800+30"]

1. d4 Nf6 2. c4 c5 3. d5 e6 4. Nc3 exd5 5. cxd5 d6 6. g3 g6 7. Bg2 Bg7 8. Nf3 O-O 9. O-O Re8 10. Bf4 Bf5 $1 {[%emt 0:00:05][%mdl 4] now scores much better than the old 10...a6. A62: Modern Benoni: Fianchetto Variation without early ...Nbd7.} 11. Nh4 Bg4 12. Qd2 b5 13. h3 {[%emt 0:03:07] [#]} (13. Rfe1 $14) 13... b4 $1 14. hxg4 $11 {[%emt 0:00:06] Hoping for Nb5.} bxc3 15. bxc3 ({But not} 15. Qxc3 $2 {[#]} Nh5 $1 16. Qb3 Nxf4 17. gxf4 Qxh4 $19) 15... Nxg4 {[%emt 0:00:01] [#]} 16. Nf3 $146 ({Predecessor:} 16. Rac1 Ne5 17. c4 Nbd7 18. Bg5 f6 19. Bh6 Bxh6 20. Qxh6 f5 21. e4 Ng4 22. Qf4 {0-1 (29) Leiva Rodriguez,J (2427)-Chigaev,M (2559) Chess.com INT 2017}) 16... Nf6 17. Qd3 Ne4 18. Nd2 Nxd2 19. Qxd2 Qc7 20. e4 Nd7 21. Bh6 Rab8 22. Bxg7 Kxg7 23. f4 Qb6 24. Rae1 Qb2 25. Qd3 Qb5 (25... Qxa2 $2 26. Ra1 Qb3 27. Rfb1 $18) 26. c4 Qb2 27. Re2 (27. Bh3 $5 Nb6 28. Re2 Qd4+ 29. Qxd4+ cxd4 30. Rd1 $14) 27... Qd4+ 28. Qxd4+ cxd4 29. Rd1 Nc5 (29... f6 $11) 30. Rxd4 $14 Rb1+ 31. Kf2 (31. Kh2 $1 $14) 31... f6 $11 32. Ke3 f5 33. Kf2 (33. Rdd2 $11 {remains equal.}) 33... Kf6 ({Black should try} 33... fxe4 $17 {[%cal Oe4e3] ...e3+! is the strong threat.} 34. Bxe4 Ra1) 34. e5+ $1 dxe5 35. fxe5+ Rxe5 36. d6 {[%emt 0:01:04] Strongly threatening Rxe5.} Rxe2+ 37. Kxe2 {[%emt 0:00:02][%mdl 4096] Endgame KRB-KRN} Rb2+ 38. Kf1 $1 Rb1+ 39. Kf2 {[%emt 0:01:13] The position is equal.} Ke6 40. Bc6 {[%emt 0:00:00] aiming for d7.} Rb8 41. Ke3 Rc8 42. Bd5+ Kd7 43. Rh4 h5 44. Bf7 {[%emt 0:00:28] Inhibits Re8+.} Kxd6 45. Bxg6 Rg8 46. Bxf5 Rxg3+ 47. Kf4 Rg2 48. Rxh5 Rxa2 49. Rh6+ Kc7 50. Ke5 Rd2 51. Be4 {[%emt 0:01:42] And now Rc6+ would win.} Nd7+ 52. Kf4 Rd6 53. Rxd6 Kxd6 {[%emt 0:00:02] KB-KN} 54. Ke3 Kc5 55. Bd5 a5 56. Kd3 Kb4 57. c5 Nxc5+ 58. Kc2 Ka3 59. Bc6 Ne6 {[%emt 0:00:10] ( -> ...Nd4+)} 60. Kc3 {[%emt 0:00:06] Prevents Nd4.} Nc7 61. Kc4 Ne6 62. Kb5 Nd4+ 63. Kxa5 Nxc6+ {[%emt 0:00:37] Weighted Error Value: White=0.10 (very precise) /Black=0.09 (flawless)} 1/2-1/2

[Event "Reykjavik Open 2022"]
[Site "Reykjavik"]
[Date "2022.04.10"]
[Round "7.14"]
[White "Mishra, Abhimanyu"]
[Black "Rosen, Eric"]
[Result "1-0"]
[ECO "B40"]
[WhiteElo "2505"]
[BlackElo "2356"]
[Annotator "TA"]
[PlyCount "77"]
[EventDate "2022.04.06"]
[EventCountry "ISL"]
[SourceTitle "playchess.com"]
[Source "ChessBase"]
[SourceQuality "1"]
[TimeControl "40/5400+30:1800+30"]

1. e4 c5 2. Nf3 e6 3. g3 Nc6 4. Bg2 Nf6 5. Qe2 e5 6. O-O {[%emt 0:01:06] B40: Sicilian: 2...e6, Unusual lines.} Be7 7. c3 O-O 8. Na3 {[%emt 0:00:30] The position is equal.} d5 9. exd5 Qxd5 10. d3 Bf5 {[%emt 0:05:13] [#]} 11. Re1 $146 ({Predecessor:} 11. Rd1 Rad8 12. Nh4 Bxd3 13. Qe3 e4 14. b3 Ng4 15. Qf4 f5 16. c4 Qe6 17. f3 g5 18. Qd2 e3 19. Qe1 Nf2 20. Bxe3 {0-1 (20) Alexeev,A (2287)-Panarin,M (2562) Sochi 2018}) 11... Bd6 (11... Nd7 $14) 12. Nd4 $18 Qxg2+ (12... Nxd4 $142 13. cxd4 Qe6) 13. Kxg2 exd4 14. Nc4 Rfe8 15. Qd1 ({Much less strong is} 15. Nxd6 $6 Rxe2 16. Rxe2 Bxd3 $14) 15... Bc7 (15... Rxe1 $142 16. Qxe1 Bf8) 16. Rxe8+ Rxe8 17. Bg5 Nd5 18. Qb3 Bxd3 $2 {[%emt 0:19:57] [#]} (18... Bc8 {keeps fighting.} 19. Qb5 dxc3 20. bxc3 (20. Qxc5 cxb2 21. Nxb2 Be6 $18) 20... Nxc3 21. Qxc5 Be6) 19. Qxb7 $1 {[%emt 0:02:36] White is clearly winning.} Nd8 (19... dxc3 20. bxc3) 20. Qb5 ({Inferior is} 20. Qxd5 Be4+ 21. Qxe4 Rxe4 $11) 20... Re2 21. Bxd8 Bxd8 {[%emt 0:01:52] [#]} 22. Qd7 $1 Be7 {[%emt 0:00:33] [#]} (22... Nf6 23. Qxd8+) 23. Ne5 Rxe5 24. Qe8+ Bf8 25. Qxe5 dxc3 26. bxc3 Nb6 27. Rd1 c4 {[%emt 0:00:12] [#]} 28. Rxd3 $1 cxd3 29. Qd4 g6 30. Qxd3 Na4 31. Qa6 Nxc3 32. Qxa7 Nb5 33. Qb8 Na3 34. Kf3 Kg7 35. Ke4 h5 36. f4 Be7 37. Qe5+ Bf6 38. Qc5 Nb1 39. Kd3 {[%emt 0:00:09] Black got outplayed after the opening.  Weighted Error Value: White=0.07 (flawless) /Black=0.54} 1-0

[Event "Reykjavik Open 2022"]
[Site "Reykjavik"]
[Date "2022.04.10"]
[Round "7.15"]
[White "Burlacu, Bogdan"]
[Black "Libiszewski, Fabien"]
[Result "0-1"]
[ECO "A49"]
[WhiteElo "2294"]
[BlackElo "2505"]
[Annotator "TA"]
[PlyCount "66"]
[EventDate "2022.04.06"]
[EventCountry "ISL"]
[SourceTitle "playchess.com"]
[Source "ChessBase"]
[SourceQuality "1"]
[TimeControl "40/5400+30:1800+30"]

1. d4 Nf6 2. Nf3 g6 3. g3 b6 4. Bg2 Bb7 5. O-O Bg7 6. Nbd2 {[%emt 0:04:55] A49: 1 d4 Nf6 2 Nf3 g6 3 g3: Anti-King's Indian systems.} c5 7. e3 O-O 8. b3 {[%emt 0:02:09] The position is equal.} d6 9. Bb2 Nbd7 10. Re1 a6 11. c4 Qc7 12. d5 {[%emt 0:07:10] [#]} Rae8 $146 ({Predecessor:} 12... e5 13. dxe6 fxe6 14. Bh3 Rfe8 15. Ng5 Nf8 16. Bg2 Rad8 17. Bxb7 Qxb7 18. Qf3 Qxf3 19. Ngxf3 {1-0 (47) Lebredo Zaragoitia,G (2320)-Ratcu,T (2215) Sao Paulo 1997}) 13. e4 e5 14. Nf1 Bc8 15. Bh3 ({White should try} 15. Qe2 $16) 15... Nh5 16. N3d2 Nb8 17. Bxc8 Qxc8 18. Kg2 Bh6 19. Ne3 Nd7 20. Bc3 (20. Ng4 $5 Bg7 21. a4 $14) 20... Ndf6 21. a3 Bxe3 22. Rxe3 Ng4 23. Re1 f5 24. f3 Ngf6 25. Qe2 Rf7 26. Rf1 Ref8 27. Rae1 (27. exf5 $1 $11 Qxf5 28. Rae1) 27... f4 $1 $17 {[%emt 0:03:04] &Nero is more active.} 28. Qf2 $2 {[%emt 0:05:17][%mdl 8192] Loses the game.} ({Avoid the trap} 28. g4 $2 Nxg4 $1 29. Kg1 (29. fxg4 $2 f3+ 30. Rxf3 Rxf3 $19) 29... Ne3 $19) (28. Rg1 $17 {was called for.}) 28... g5 $1 $19 29. g4 $2 {[%emt 0:00:50] [#]} (29. Kh1 fxg3 30. Qg2 gxh2 31. Qxh2) 29... Nxg4 $1 {[%emt 0:00:04][%mdl 512] Black is clearly winning.} 30. fxg4 (30. Qg1 Ne3+) 30... Qxg4+ 31. Kh1 {[%emt 0:00:12] [#] Rg1 is the strong threat.} Ng3+ $1 32. Kg1 (32. hxg3 fxg3) 32... Nxf1+ 33. Kxf1 Qh3+ {[%emt 0:00:07] Weighted Error Value: White=0.43/Black=0.07 (flawless)} 0-1

[Event "Reykjavik Open 2022"]
[Site "Reykjavik"]
[Date "2022.04.10"]
[Round "7.16"]
[White "Williams, Simon K"]
[Black "Soham Das"]
[Result "1/2-1/2"]
[ECO "D10"]
[WhiteElo "2464"]
[BlackElo "2330"]
[Annotator "TA"]
[PlyCount "43"]
[EventDate "2022.04.06"]
[EventCountry "ISL"]
[SourceTitle "playchess.com"]
[Source "ChessBase"]
[SourceQuality "1"]
[TimeControl "40/5400+30:1800+30"]

1. d4 d5 2. c4 c6 3. cxd5 cxd5 4. Nc3 Nf6 5. Bf4 Nc6 6. e3 a6 7. Be2 Bf5 {[%emt 0:00:38] D10: Slav Defence: 3 cxd5 (without early Nf3) and 3 Nc3.} 8. Nf3 Rc8 9. Ne5 Nxe5 10. Bxe5 e6 {[%emt 0:08:13] [#]} 11. Bxf6 $146 ({Predecessor:} 11. Qb3 Qd7 12. f3 Bg6 13. O-O Rc6 14. e4 Be7 15. exd5 exd5 16. Rac1 O-O 17. Na4 {½-½ (43) Iturrizaga Bonelli,E (2603)-Delgado Ramos,H (2488) Barbera del Valles 2011}) 11... gxf6 12. Qa4+ Qd7 13. Qxd7+ Kxd7 14. Kd2 Bb4 15. Rhc1 Rc6 16. a3 Bxc3+ 17. bxc3 (17. Rxc3 $14 h6 18. Rxc6 Kxc6 19. h4) 17... Rhc8 $11 18. Ra2 Rb6 $1 {[%emt 0:02:46] Inhibits Rb2.} 19. Bd3 {[%emt 0:05:53] Prevents Bb1.} Bxd3 20. Kxd3 Rb3 21. a4 a5 22. g4 $1 {[%emt 0:00:19] Weighted Error Value: White=0.09 (flawless) /Black=0.05 (flawless)} 1/2-1/2